 Dungeon Crawl Stone Soup version 0.31-a0-198-g2ad674f65e (webtiles) character file.

Game seed: 6707402454074141560

19010 Dylgear the Cleaver (level 13, -5/98 HPs)
             Began as a Formicid Fighter on June 26, 2023.
             Was a High Priest of Wu Jian.
             Slain by a white ugly thing (34 damage)
             ... on level 12 of the Dungeon.
             The game lasted 00:46:27 (14709 turns).

Dylgear the Cleaver (Formicid Fighter)             Turns: 14709, Time: 00:46:28

Health: -5/98      AC: 18    Str: 23    XL:     13   Next: 1%
Magic:  13/13      EV:  8    Int:  9    God:    Wu Jian [*****.]
Gold:   652        SH:  7    Dex: 15    Spells: 12/12 levels left

rFire   + + .        w - +4 battleaxe (venom)
rCold   x . .        c - +0 buckler
rNeg    . . .        l - +0 plate armour
rPois   .            (helmet unavailable)
rElec   .            (no cloak)
rCorr   .            t - +2 pair of gloves
SInv    +            (no boots)
Will    +....        p - amulet of the acrobat Stlth
                     q - ring of fire
HPRegen 0.36/turn    r - ring of protection from fire
MPRegen 0.13/turn

%: acrobat
@: studying Polearms
A: permanent stasis, dig shafts and tunnels, antennae 3, four strong arms
a: Dig, Shaft Self, Renounce Religion, Wall Jump, Serpent's Lash, Heavenly Storm


You were on level 12 of the Dungeon.
You worshipped Wu Jian.
Wu Jian was extremely pleased with you.
You visited 3 branches of the dungeon, and saw 14 of its levels.
You also visited: Bailey.

You collected 866 gold pieces.
You spent 214 gold pieces at shops.

Inventory:

Hand Weapons
 j - the +7 spear "Yzecuir" {venom, rPois SInv}
   (You found it on level 2 of the Dungeon)

   rPois:     It protects you from poison.
   SInv:      It lets you see invisible.
 m - a +6 battleaxe
 n - a +1 hand axe of flaming
 u - a +0 vampiric battleaxe
 w - a +4 battleaxe of venom (weapon)
Missiles
 i - 6 silver javelins
 z - 14 boomerangs
Armour
 c - a +0 buckler (worn)
 g - a +1 chain mail
 l - a +0 plate armour (worn)
 t - a +2 pair of gloves (worn)
Jewellery
 d - a ring of positive energy
 p - an amulet of the acrobat (around neck)
 q - a ring of fire (left hand)
 r - a ring of protection from fire (right hand)
 C - a ring of poison resistance
 E - an amulet of reflection
Wands
 s - a wand of flame (16)
 x - a wand of paralysis (6)
 A - a wand of iceblast (7)
 D - a wand of polymorph (7)
Scrolls
 e - a scroll of fear
 v - a scroll of revelation
 y - a scroll of fog
 B - a scroll of identify
Potions
 b - 8 potions of curing
 f - 3 potions of mutation
 h - 2 potions of enlightenment
 k - a potion of attraction
 o - a potion of experience
Miscellaneous
 a - a phial of floods


   Skills:
 + Level 8.2 Fighting
 * Level 14.7 Axes
 * Level 11.0 Armour
 + Level 2.5 Dodging
 + Level 1.1 Stealth
 * Level 11.0 Shields


You had 12 spell levels left.
You didn't know any spells.
Your spell library contained the following spells:

 Spells                   Type           Power      Damage    Failure   Level
 Freeze                   Ice            0%         1d3       99%         1
 Kiss of Death            Conj/Necr      0%         2d5       99%         1
 Sting                    Tmut/Pois      0%         1d3       99%         1
 Poisonous Vapours        Pois/Air       0%         N/A       100%        2
 Confusing Touch          Hex            0%         N/A       100%        3
 Frozen Ramparts          Ice            0%         1d1       100%        3
 Hailstorm                Conj/Ice       0%         3d3       100%        3
 Inner Flame              Hex/Fire       0%         N/A       100%        3
 Portal Projectile        Hex/Tloc       0%         N/A       100%        3
 Tukima's Dance           Hex            0%         N/A       100%        3
 Dispel Undead            Necr           0%         3d6       100%        4
 Olgreb's Toxic Radiance  Pois           0%         N/A       100%        4
 Summon Ice Beast         Ice/Summ       0%         N/A       100%        4
 Blade Hands              Tmut           0%         N/A       100%        5
 Summon Mana Viper        Hex/Summ       0%         N/A       100%        5
 Yara's Violent Unravell  Hex/Tmut       0%         3d3       100%        5
 Enfeeble                 Hex            0%         N/A       100%        7
 Monstrous Menagerie      Summ           0%         N/A       100%        7


Dungeon Overview and Level Annotations

Branches:
Dungeon (12/15)            Temple (1/1) D:5            Lair (1/5) D:8
    Orc (0/2) D:9          Bailey (visited)

Altars:
Ashenzari
Cheibriados
Dithmenos
Elyvilon
Fedhas
Gozag
Hepliaklqana
Kikubaaqudgha
Makhleb
Nemelex Xobeh
Okawaru
Qazlal
Ru
Sif Muna
Trog
Uskayaw
Vehumet
Wu Jian
Xom
Yredelemnul
Zin
The Shining One

Shops:
D:2 !   D:5 *   D:7 *

Annotations:
D:11 3 runed translucent doors, rabbitsville's ghost, journeyman DgAE


Innate Abilities, Weirdness & Mutations

You cannot be hasted, slowed, berserked, paralysed or teleported.
You can dig through walls and to a lower floor.
You have a pair of large antennae on your head. (SInv)
Your four strong arms can wield two-handed weapons with a shield.


Message History

The slime creature hits you but does no damage.
The slime creature attacks as you move away!
The slime creature hits you.
The shadow slips into darkness.
The shadow flickers and vanishes for a moment.
The slime creature attacks as you move away!
The slime creature hits you.
The slime creature attacks as you move away!
The slime creature closely misses you.
The slime creature attacks as you move away!
The slime creature closely misses you.
The slime creature attacks as you move away!
The slime creature barely misses you.
The slime creature attacks as you move away!
The slime creature hits you but does no damage.
The slime creature attacks as you move away!
The slime creature hits you but does no damage.
Found 4 stones.
The slime creature looks more healthy.
You see here 4 stones.
The slime creature attacks as you move away!
The slime creature completely misses you.
The slime creature attacks as you move away!
You block the slime creature's attack.
You slash the slime creature!
You kill the slime creature!
The Council accepts your kill.
Your Armour skill increases to level 11!
You hit the white ugly thing.
The white ugly thing is lightly wounded.
The white ugly thing stings you! The white ugly thing freezes you!!!
You feel a terrible chill!
* * * LOW HITPOINT WARNING * * *
The white ugly thing attacks as you move away!
The white ugly thing stings you but does no damage.
There is a stone staircase leading up here.
The white ugly thing stings you.
* * * LOW HITPOINT WARNING * * *
The white ugly thing freezes you!!
You feel a terrible chill!
You die...

#...(..######
#..###.#
#..###.#
#..O.#.#
#.....##.#.#
#########.#.#
#.......#W#.#
#.#####.#u#O#
#.### #.#@#.#
#...# #.###.#
#####.#
#.....#
#.....#
####### #
#{#####
######.######
........{{..#
.)..........#
............#


You could see a white ugly thing, a two-headed ogre and a shadow (invisible).

Vanquished Creatures
  An orc warlord (Bailey)
  Erica (D:8)
  2 two-headed ogres
  Nergalle (D:12)
  An orc knight (Bailey)
  Pikel (D:8)
  2 cyclopes
  2 gargoyles
  Maggie (D:9)
  A komodo dragon (D:12)
  3 trolls
  5 slime creatures
  2 wraiths
  3 wyverns
  28 yaks
  A human (D:7)
  Eustachio (D:5)
  3 steam dragons
  2 acid dragons (D:10)
  A water moccasin (D:8)
  4 orc warriors
  2 ice beasts (D:6)
  A sky beast (D:7)
  An ogre (D:5)
  2 wolves
  14 centaurs
  A lemure (D:7)
  2 kobold brigands
  A phantom (D:4)
  9 bullfrogs
  3 scorpions (D:7)
  14 wights
  A gnoll sergeant (D:12)
  9 killer bees
  3 electric eels (D:8)
  5 howler monkeys
  7 crimson imps (D:11)
  8 hounds
  A gnoll bouda (D:9)
  2 iguanas
  A sleepcap (D:4)
  Terence (D:2)
  A human skeleton (D:7)
  Natasha (thrice) (D:2)
  9 orc wizards
  16 gnolls
  8 adders
  2 shadow imps
  4 white imps
  5 worms
  A dart slug (D:4)
  41 orcs
  5 ball pythons
  5 bats
  2 endoplasms
  3 giant cockroaches
  16 goblins
  14 hobgoblins
  12 jackals
  5 quokkas
  5 frilled lizards
  A goblin zombie (D:7)
  27 kobolds
  8 rats
  A spectral hobgoblin (D:10)
348 creatures vanquished.

Vanquished Creatures (others)
  2 orc wizards (D:9)
2 creatures vanquished.

Grand Total: 350 creatures vanquished

Notes
Turn   | Place    | Note
-------+----------+-------------------------------------------
     0 | D:1      | Dylgear the Formicid Fighter began the quest for the Orb.
     0 | D:1      | Reached XP level 1. HP: 18/18 MP: 1/1
   173 | D:1      | Reached XP level 2. HP: 24/24 MP: 2/2
   215 | D:1      | Found a faded altar of an unknown god.
   374 | D:1      | Reached XP level 3. HP: 23/29 MP: 3/3
   659 | D:2      | Noticed Natasha
   665 | D:2      | Killed Natasha
   677 | D:2      | Reached XP level 4. HP: 28/37 MP: 4/4
   723 | D:2      | Noticed Natasha
   728 | D:2      | Killed Natasha
   874 | D:2      | Found Donlu's Distillery.
   885 | D:2      | Noticed Terence
   895 | D:2      | Killed Terence
   896 | D:2      | Reached skill level 3 in Axes
   896 | D:2      | Reached XP level 5. HP: 16/42 MP: 5/5
  1153 | D:2      | Reached skill level 5 in Shields
  1278 | D:2      | Noticed Natasha
  1286 | D:2      | Killed Natasha
  1287 | D:2      | Reached XP level 6. HP: 33/48 MP: 6/6
  1402 | D:2      | Identified the +7 spear "Yzecuir" {venom, rPois SInv}
  2156 | D:3      | Reached skill level 4 in Axes
  2372 | D:3      | Found a blossoming altar of Fedhas.
  2807 | D:4      | Found a snail-covered altar of Cheibriados.
  3186 | D:4      | Reached XP level 7. HP: 45/55 MP: 7/7
  3368 | D:4      | Found an ornate altar of the Wu Jian Council.
  3374 | D:4      | Noticed a spectral centipede
  3374 | D:4      | Noticed a spectral black mamba
  3374 | D:4      | Noticed a spectral cane toad
  3375 | D:4      | Became a worshipper of the Wu Jian Council
  3509 | D:4      | Reached skill level 5 in Armour
  3513 | D:4      | Reached skill level 5 in Axes
  3901 | D:5      | Entered Level 5 of the Dungeon
  3968 | D:5      | Noticed Eustachio
  4087 | D:4      | Reached XP level 8. HP: 18/61 MP: 8/8
  4263 | D:5      | Killed Eustachio
  4264 | D:5      | Reached skill level 6 in Axes
  4278 | D:5      | Found a shimmering blue altar of Sif Muna.
  4337 | D:5      | Found a staircase to the Ecumenical Temple.
  4345 | Temple   | Entered the Ecumenical Temple
  4749 | D:5      | Found Qotsioh's Assorted Antiques.
  4758 | D:5      | Bought a potion of heal wounds for 110 gold pieces
  4913 | D:5      | Found a radiant altar of Vehumet.
  5155 | D:6      | Reached skill level 1 in Dodging
  5214 | D:6      | Reached skill level 5 in Fighting
  5752 | D:6      | Reached skill level 7 in Axes
  5864 | D:6      | Reached XP level 9. HP: 68/68 MP: 9/9
  6433 | D:7      | Found a runed translucent door.
  6433 | D:7      | Found Leteis's General Store.
  6436 | D:7      | Found a basalt altar of Yredelemnul.
  6440 | D:7      | Reached * piety under Wu Jian
  6485 | D:7      | Bought a scroll of identify for 22 gold pieces
  6485 | D:7      | Bought a scroll of revelation for 82 gold pieces
  6564 | D:7      | Reached skill level 8 in Axes
  6800 | D:7      | Found a glowing golden altar of the Shining One.
  7577 | D:7      | Reached skill level 9 in Axes
  7735 | D:8      | Noticed Pikel
  7751 | D:7      | Reached XP level 10. HP: 53/76 MP: 10/10
  7878 | D:8      | Identified a scroll of acquirement
  7878 | D:8      | Acquired a +4 battleaxe of venom
  8090 | D:8      | Reached ** piety under Wu Jian
  8193 | D:8      | Found a staircase to the Lair.
  8208 | Lair:1   | Entered Level 1 of the Lair of Beasts
  8371 | D:8      | Reached skill level 10 in Axes
  8584 | D:8      | Killed Pikel
  9176 | D:9      | Noticed Erica
  9187 | D:8      | Killed Erica
  9188 | D:8      | Reached skill level 11 in Axes
  9188 | D:8      | Reached XP level 11. HP: 41/83 MP: 11/11
  9377 | D:9      | Reached *** piety under Wu Jian
  9384 | D:9      | Found a staircase to the Orcish Mines.
  9456 | D:9      | Found a flagged portal.
  9469 | D:9      | Noticed Maggie
  9482 | D:9      | Killed Maggie
  9564 | Bailey   | Entered a bailey
  9581 | Bailey   | Noticed an orc warlord
  9655 | Bailey   | Noticed an orc knight
  9679 | Bailey   | Killed an orc knight
  9680 | Bailey   | Reached skill level 12 in Axes
  9790 | Bailey   | Reached **** piety under Wu Jian
  9816 | Bailey   | Found a runed translucent gate.
  9819 | Bailey   | Found a runed translucent gate.
  9821 | Bailey   | Found a runed translucent gate.
 10055 | Bailey   | Killed an orc warlord
 10226 | Bailey   | Identified the +1 arbalest of Rotten Purpose {drain, Dex+3}
 10235 | Bailey   | Identified the +7 arbalest "Riqicuco" {drain, *Corrode
                  | rPois Str+5 Dex-5}
 10898 | D:9      | Reached skill level 10 in Shields
 10911 | D:9      | Found a runed translucent door.
 10914 | D:9      | Noticed a two-headed ogre
 11106 | D:9      | Killed a two-headed ogre
 11249 | D:10     | Entered Level 10 of the Dungeon
 11274 | D:9      | Reached XP level 12. HP: 86/91 MP: 12/12
 11295 | D:10     | Reached skill level 10 in Armour
 11299 | D:10     | Reached skill level 13 in Axes
 12476 | D:10     | Found a hazy altar of Hepliaklqana.
 12843 | D:11     | Found a runed translucent gate.
 12843 | D:11     | Found a runed translucent gate.
 12843 | D:11     | Found a runed translucent gate.
 13096 | D:10     | Reached skill level 14 in Axes
 13436 | D:11     | Reached ***** piety under Wu Jian
 13478 | D:11     | Noticed a two-headed ogre
 13490 | D:11     | Killed a two-headed ogre
 13632 | D:11     | Noticed rabbitsville's ghost (journeyman DgAE)
 13988 | D:12     | Noticed Nergalle
 14135 | D:12     | Killed Nergalle
 14136 | D:12     | Reached skill level 1 in Stealth
 14196 | D:12     | Identified the +3 falchion of Nepses {holy, rCorr}
 14649 | D:12     | Noticed a two-headed ogre
 14650 | D:12     | Reached XP level 13. HP: 81/98 MP: 13/13
 14709 | D:12     | Slain by a white ugly thing

Illustrated notes

Levels and vault maps discovered:
D:1:      matt_arrival_grand_opening, layout_loops_ring,
          dreamdust_ecumenical_altar_grove
D:2:      layout_loops_ring, serial_shops, nicolae_shop_getting_attention,
          minmay_divided_ellipse, uniq_terence, uniq_natasha
D:3:      layout_loops_corners, fedhas_altar_fruit_tree, due_unseen_surprise
D:4:      layout_loops_corners, pdpol_wu_jian_five_deadly_venoms,
          cheibriados_altar_1, minmay_manual_mares
D:5:      wander_river, layout_rooms, mainiacjoe_overflow_catwalk,
          vehumet_altar_wand_db, minmay_temple_entry_overgrown, serial_shops,
          shop, uniq_eustachio
D:6:      layout_cave_pods
D:7:      layout_loops_corners, tso_oasis_becter, dk_yredelemnul_ordeal,
          serial_shops, nicolae_shop_competitors_out_of_business
D:8:      layout_rooms, erik_lair_island, chequers_serial_rivers_micro_d,
          kennysheep_kite_vault, uniq_pikel
D:9:      layout_rooms, david_orc_2, enter_bailey_3, minmay_st_funbox,
          uniq_maggie, uniq_erica
D:10:     layout_long_grid, nicolae_hepliaklqana_monster_ancestors
D:11:     layout_cave_pools, gammafunk_ghost_spectres, minmay_nine_imps
D:12:     layout_basic, uniq_nergalle
Temple:   dpeg_chambers_temple
Lair:1:   layout_hall_layers, basic_altar

Skill      XL: |  1  2  3  4  5  6  7  8  9 10 11 12 13 |
---------------+----------------------------------------+-----
Armour         | 4 5 6 7 8 9 10 11 | 11.0
Fighting       | 4 5 6 7 8 |  8.2
Axes           | 3 4 5 7 9 11 12 14 | 14.7
Shields        | 5 6 7 9 10 11 | 11.0
Dodging        | 1 2 |  2.5
Stealth        | 1 |  1.1

Action                     |  1- 3 |  4- 6 |  7- 9 | 10-12 | 13-15 || total
---------------------------+-------+-------+-------+-------+-------++-------
  Melee: War axe           |    61 |   184 |   240 |       |       ||   485
         Battleaxe         |       |       |    65 |   534 |     6 ||   605
Ability: Lunge             |       |       |    12 |    21 |       ||    33
         Whirlwind         |       |       |    13 |    50 |     1 ||    64
         Dig               |       |       |       |     3 |       ||     3
         Wall Jump         |       |       |       |    18 |       ||    18
    Use: Scroll            |     3 |     7 |     8 |     7 |       ||    25
         Potion            |       |     1 |     2 |    10 |       ||    13
   Stab: Invisible         |       |       |       |     1 |       ||     1
 Armour: Scale mail        |    32 |     4 |       |       |       ||    36
         Chain mail        |       |    78 |   225 |    84 |       ||   387
         Plate armour      |       |       |       |   142 |     9 ||   151
         Skin              |       |       |       |    12 |       ||    12
  Dodge: Dodged            |    30 |    58 |   203 |   227 |     6 ||   524
  Block: Buckler           |    15 |    47 |   130 |   153 |     4 ||   349

Table legend: (Time is in decaauts)
 A = Elapsed time spent in this place.
 B = Non-inter-level travel time spent in this place.
 C = Inter-level travel time spent in this place.
 D = Time resting spent in this place.
 E = Time spent auto-exploring this place.
 F = Levels seen in this place.
 G = Mean time per level.
                   A        B        C        D        E       F      G
               +--------+--------+--------+--------+--------+-----+--------+
         Total |  14994 |  14283 |    711 |   4005 |   6477 |  15 |  999.6 |
       Dungeon |  13825 |  13133 |    692 |   3510 |   6208 |  12 | 1152.1 |
        Temple |    267 |    248 |     19 |      0 |    232 |   1 |  267.0 |
          Lair |    160 |    160 |      0 |    152 |      0 |   1 |  160.0 |
        Bailey |    741 |    741 |      0 |    343 |     37 |   1 |  741.0 |
               +--------+--------+--------+--------+--------+-----+--------+

Top non-repeatable levels by time:
    D:10: 1799 daAuts
     D:7: 1657 daAuts
     D:4: 1507 daAuts
     D:9: 1371 daAuts
     D:8: 1349 daAuts
     D:2: 1119 daAuts
     D:6: 1006 daAuts
     D:3: 1002 daAuts
     D:5: 947 daAuts
     D:1: 750 daAuts
  Bailey: 741 daAuts
    D:11: 663 daAuts
    D:12: 651 daAuts
  Temple: 267 daAuts
  Lair:1: 160 daAuts
